 Dungeon Sprint DCSS version 0.29-a0-723-gce39da1c22 (webtiles) character file.

Game seed: 7382788822070054721

444 zeratav the Covert (level 6, -2/39 HPs)
             Began as a Spriggan Brigand on June 28, 2022.
             Was an Initiate of Wu Jian.
             Slain by Sonja
             ... wielding a +1 dagger of distortion
              (5 damage)
             ... in the Dungeon (Sprint I: "Red Sonja").
             The game lasted 00:01:30 (189 turns).

zeratav the Covert (Spriggan Brigand)                Turns: 189, Time: 00:01:31

Health: -2/39      AC:  3    Str:  7    XL:     6   Next: 72%
Magic:  7/7        EV: 24    Int: 12    God:    Wu Jian [......]
Gold:   297        SH:  0    Dex: 19    Spells: 5/5 levels left

rFire   . . .      SeeInvis +   a - +2 dagger {short}
rCold   . . .      Faith    .   (no shield)
rNeg    . . .      Spirit   .   b - +0 robe
rPois   .          Reflect  .   (helmet restricted)
rElec   .          Harm     .   c - +0 cloak
rCorr   .          Rampage  .   (gloves unavailable)
Will    +....      NoTele   +   (boots unavailable)
Stlth   +++++.....              (no amulet)
HPRegen 0.13/turn               (no ring)
MPRegen 0.10/turn               (no ring)

@: lethally poisoned (-2 -> -7), slowed, quick
A: very small, no large weapons, unfitting armour, see invisible, speed 3
a: Renounce Religion


You were in the Dungeon.
You worshipped Wu Jian.
Wu Jian was noncommittal.
You visited 1 branch You collected 297 gold pieces.


Innate Abilities, Weirdness & Mutations

You are very small and have problems with some larger weapons.
You are too small for most types of armour.
You have supernaturally acute eyesight. (SInv)
You cover ground extremely quickly. (Speed+++)


   Skills:
 - Level 8.0 Fighting
 - Level 8.0 Short Blades
 - Level 2.0 Throwing
 + Level 9.2 Dodging
 - Level 10.0 Stealth


You had 5 spell levels left.
You didn't know any spells.
Your spell library was empty.

Inventory:

Hand Weapons
 a - a +2 dagger (weapon) {short}
Missiles
 d - 8 poisoned darts (quivered) {throwing}
 e - a curare-tipped dart {=fthrowing}
Armour
 b - a +0 robe (worn)
 c - a +0 cloak (worn)
Wands
 l - a wand of iceblast (7)
   (You took it off Ijyb in the Dungeon)
Scrolls
 k - a scroll of blinking {!r}
Potions
 g - a potion of heal wounds {@q2}
 h - a potion of haste {@q3}
 i - 2 potions of magic
 j - a potion of berserk rage {!q}

Dungeon Overview and Level Annotations

Branches:
Dungeon (1/1) Zot: 27000

Altars:
Cheibriados
Dithmenos
Elyvilon
Fedhas
Gozag
Hepliaklqana
Kikubaaqudgha
Nemelex Xobeh
Okawaru
Qazlal
Ru
Sif Muna
Trog
Uskayaw
Vehumet
Wu Jian
Yredelemnul
Zin
The Shining One

Shops:
D [

Annotations:
D Sonja

################
#<.#.)'..#.)'..#
#..'..#.)'..#..+
#..#####'#####'#
#..####..#...#[#
#..#__####..##(#
#..#_____##'#_.+
#⌠⌠#_.∩..†'..@_#
####_..__##_K#+#
#_____###(#
####### #.#


+$($+ #(.$# ##.## #+# You could see Sonja (poisoned, slow).


Message History

The helpless jelly fails to defend itself.
You spit the jelly like a pig!!!!
You kill the jelly!
The Council accepts your kill.
Training target 8.0 for Short Blades reached!
Your Short Blades skill increases to level 8!
You need to enable at least one skill for training.
Your Dodging skill gained 2 levels and is now at level 3!
You open the door.
A yak comes into view.
Found Jodwil's Antique Armour Emporium.
Found fourteen altars.
Found an opulent altar of Gozag.
You lunge at the yak.
The helpless yak fails to defend itself.
You spit the yak like a pig!!!!
You kill the yak!
The Council accepts your kill.
Your Dodging skill gained 6 levels and is now at level 9!
There is an open door here.
You open the door.
There is an open door here.
You now have 189 gold pieces (gained 27).
You now have 216 gold pieces (gained 27).
You now have 243 gold pieces (gained 27).
You now have 270 gold pieces (gained 27).
You now have 297 gold pieces (gained 27).
There is an open door here.
There is an open door here.
Found a sparkling altar of Nemelex Xobeh.
You see here a yak corpse.
There is an entrance to Jodwil's Antique Armour Emporium here.
You see here a yak corpse.
There is an open door here.
You open the door.
Sonja, the Graceful Assassin comes into view.
She is wielding a +1 dagger of distortion and quivering curare-tipped darts.
Sonja shouts!
There is an open door here.
You lunge at Sonja.
You completely miss Sonja. Sonja completely misses you.
Sonja hits you but does no damage.
Sonja hits you with a +1 dagger of distortion.
HP[-5]
You take 5 damage, and now have 34/39 hp.
Sonja throws a curare-tipped dart.
The curare-tipped dart hits you.
You are poisoned.
You have difficulty breathing.
You feel yourself slow down.
There is an open door here.
HP[-7]
You take 7 damage, and now have 27/39 hp.
Throw: 3 darts (curare) {=fthrowing}
Press: ? - help, Q - select action, (/) - cycle Shift-Dir - straight line, f - Sonja
Aim: Sonja, wielding a +1 dagger of distortion and quivering curare-tipped darts (23% to hit)
You throw a curare-tipped dart {=fthrowing}.
The curare-tipped dart {=fthrowing} hits Sonja.
Sonja is poisoned.
Sonja convulses.
Sonja seems to slow down.
You feel very sick.
HP[-3]
You take 3 damage, and now have 24/39 hp.
You feel sick.
Sonja throws a curare-tipped dart.
The curare-tipped dart completely misses you.
HP[-2]
You take 2 damage, and now have 22/39 hp.
You feel sick.
Sonja throws a curare-tipped dart.
The curare-tipped dart hits you.
You are lethally poisoned!
You have difficulty breathing.
* * * LOW HITPOINT WARNING * * *
You feel as though you will be slow longer.
HP[-7]
You take 7 damage, and now have 15/39 hp.
Throw: 2 darts (curare) {=fthrowing}
Press: ? - help, Q - select action, (/) - cycle Shift-Dir - straight line, f/p - Sonja
Aim: Sonja, wielding a +1 dagger of distortion and quivering curare-tipped darts (moderately wounded, very poisoned, slow, 23% to hit)
You throw a curare-tipped dart {=fthrowing}.
The curare-tipped dart {=fthrowing} closely misses Sonja.
* * * LOW HITPOINT WARNING * * *
You feel extremely sick.
HP[-7]
You take 7 damage, and now have 8/39 hp.
You feel better.
Sonja throws a curare-tipped dart.
The curare-tipped dart hits you.
You are poisoned.
You have difficulty breathing.
* * * LOW HITPOINT WARNING * * *
You feel as though you will be slow longer.
HP[+6]
You regained 6 hp, and now have 14/39 hp.
Okay, then.
Throw: 9 darts (poison) {throwing}
Press: ? - help, Q - select action, (/) - cycle Shift-Dir - straight line, f/p - Sonja
Aim: Sonja, wielding a +1 dagger of distortion and quivering curare-tipped darts (heavily wounded, poisoned, slow, 23% to hit)
You throw a poisoned dart {throwing}.
The poisoned dart {throwing} completely misses Sonja.
You feel very sick. Sonja misses you.
Sonja hits you with a +1 dagger of distortion.
* * * LOW HITPOINT WARNING * * *
Sonja hits you with a +1 dagger of distortion.
* * * LOW HITPOINT WARNING * * *
Space warps around you.
You die...

Skill      XL: |  1  2  3  4  5  6 |
---------------+-------------------+-----
Stealth        | 10 | 10.0
Fighting       | 2 6 8 |  8.0
Short Blades   | 7 8 |  8.0
Dodging        | 9 |  9.2
Throwing       | |  2.0

Action                   |  1- 3 |  4- 6 || total
-------------------------+-------+-------++-------
Melee: Dagger            |     2 |     4 ||     6
Throw: Dart              |       |     3 ||     3
Invok: Lunge             |       |     3 ||     3
  Use: Potion            |       |     1 ||     1
 Stab: Sleeping          |     2 |     3 ||     5
Armor: Robe              |       |     1 ||     1
Dodge: Dodged            |       |     3 ||     3

Levels and vault maps discovered:
D:        dungeon_sprint_1 [red_sonja_temple_1, red_sonja_temple_small_1]

Notes
Turn   | Place    | Note
-------+----------+-------------------------------------------
     0 | D        | zeratav the Spriggan Brigand began the quest for the Orb.
     0 | D        | Reached XP level 1. HP: 10/10 MP: 2/2
     0 | D        | magus.rc [v1.9.6]
     1 | D        | Noticed Ijyb
     4 | D        | Killed Ijyb
     5 | D        | Reached skill level 10 in Stealth
     5 | D        | Reached skill level 2 in Fighting
     5 | D        | Reached XP level 2. HP: 16/16 MP: 3/3
     7 | D        | Noticed an ogre
    11 | D        | Killed an ogre
    12 | D        | Reached skill level 6 in Fighting
    12 | D        | Reached XP level 3. HP: 24/24 MP: 4/4
    12 | D        | Reached XP level 4. HP: 28/28 MP: 5/5
    13 | D        | Noticed Sigmund
    16 | D        | Killed Sigmund
    17 | D        | Reached skill level 8 in Fighting
    17 | D        | Reached skill level 7 in Short Blades
    17 | D        | Reached XP level 5. HP: 34/34 MP: 6/6
    17 | D        | Reached XP level 6. HP: 39/39 MP: 7/7
   141 | D        | Found an ornate altar of the Wu Jian Council.
   141 | D        | Found a shimmering blue altar of Sif Muna.
   143 | D        | Found a radiant altar of Vehumet.
   146 | D        | Became a worshipper of the Wu Jian Council
   149 | D        | Reached skill level 8 in Short Blades
   149 | D        | Reached skill level 3 in Dodging
   151 | D        | Found Jodwil's Antique Armour Emporium.
   151 | D        | Found an ancient bone altar of Kikubaaqudgha.
   151 | D        | Found a hazy altar of Hepliaklqana.
   151 | D        | Found a stormy altar of Qazlal.
   151 | D        | Found a hide-covered altar of Uskayaw.
   151 | D        | Found a blossoming altar of Fedhas.
   151 | D        | Found a bloodstained altar of Trog.
   151 | D        | Found an iron altar of Okawaru.
   151 | D        | Found a basalt altar of Yredelemnul.
   151 | D        | Found a glowing golden altar of the Shining One.
   151 | D        | Found a snail-covered altar of Cheibriados.
   151 | D        | Found a sacrificial altar of Ru.
   151 | D        | Found a glowing silver altar of Zin.
   151 | D        | Found a shadowy altar of Dithmenos.
   151 | D        | Found a white marble altar of Elyvilon.
   151 | D        | Noticed a yak
   152 | D        | Found an opulent altar of Gozag.
   152 | D        | Killed a yak
   153 | D        | Reached skill level 9 in Dodging
   169 | D        | Found a sparkling altar of Nemelex Xobeh.
   180 | D        | Noticed Sonja
   187 | D        | HP: 8/39 [poisoned by Sonja (curare-tipped dart)]
   189 | D        | HP: 3/39 [Sonja/+1 dagger of distortion (3)]
   189 | D        | Slain by Sonja

Vanquished Creatures
  Sigmund (D)
  A yak (D)
  An ogre (D)
  A jelly (D)
  Ijyb (D)
5 creatures vanquished.

Table legend:
 A = Non-vault XP
 B = Vault XP
 C = Vault XP percentage of total XP
 D = Non-vault monster count
 E = Vault monster count
 F = Vault count percentage of total count
                 A         B        C        D         E       F
            +---------+---------+-------+---------+---------+-------
      Total |       0 |     635 | 100.0 |       0 |       5 | 100.0
            +---------+---------+-------+---------+---------+-------
          D |       0 |     635 | 100.0 |       0 |       5 | 100.0
            +---------+---------+-------+---------+---------+-------

Illustrated notes

Table legend:
 A = Kills in this place as a percentage of kills in entire the game.
 B = Kills by you in this place as a percentage of kills by you in the entire game.
 C = Kills by friends in this place as a percentage of kills by friends in the entire game.
 D = Other kills in this place as a percentage of other kills in the entire game.
 E = Experience gained in this place as a percentage of experience gained in the entire game.
 F = Experience gained in this place divided by the number of levels of this place that you have seen.
                   A       B       C       D       E      F
               +-------+-------+-------+-------+-------+----------------------
         Total | 100.0 | 100.0 |   N/A |   N/A | 100.0 | 635.0
       Dungeon | 100.0 | 100.0 |   N/A |   N/A | 100.0 | 635.0
               +-------+-------+-------+-------+-------+----------------------

Table legend: (Time is in decaauts)
 A = Elapsed time spent in this place.
 B = Non-inter-level travel time spent in this place.
 C = Inter-level travel time spent in this place.
 D = Time resting spent in this place.
 E = Time spent auto-exploring this place.
 F = Levels seen in this place.
 G = Mean time per level.
                   A        B        C        D        E       F      G
               +--------+--------+--------+--------+--------+-----+--------+
         Total |    166 |    166 |      0 |    100 |      0 |   1 |  166.0 |
       Dungeon |    166 |    166 |      0 |    100 |      0 |   1 |  166.0 |
               +--------+--------+--------+--------+--------+-----+--------+

Top non-repeatable levels by time:
       D: 166 daAuts
